 Dungeon Crawl Stone Soup version 0.29.1-1-gd02db6906a (webtiles) character file.

Game seed: 16210754367551522847

11394 LustLizard the Grappler (level 11, -8/111 HPs)
             Began as a Troll Fighter on Sept 18, 2022.
             Was a High Priest of Wu Jian.
             Mangled by a yak (10 damage)
             ... on level 11 of the Dungeon on Sept 19, 2022.
             The game lasted 00:17:24 (9399 turns).

LustLizard the Grappler (Troll Fighter)             Turns: 9399, Time: 00:17:24

Health: -8/111     AC:  8    Str: 26    XL:     11   Next: 48%
Magic:  10/10      EV:  9    Int:  8    God:    Wu Jian [*****.]
Gold:   451        SH:  9    Dex:  9    Spells: 10/10 levels left

rFire   . . .      SeeInvis .     - Unarmed
rCold   . . .      Faith    .   b - +0 kite shield
rNeg    . . .      Spirit   .   S - +0 troll leather armour
rPois   .          Reflect  .   r - +1 hat
rElec   .          Harm     .   s - +0 cloak
rCorr   .          Rampage  .   (gloves unavailable)
Will    .....                   (boots unavailable)
Stlth   +.........              v - amulet of regeneration
HPRegen 2.68/turn               (no ring)
MPRegen 0.12/turn               (no ring)

@: no status effects
A: large, unfitting armour, claws 3, regeneration 1, shaggy fur 1, tough skin 1
a: Renounce Religion, Wall Jump, Serpent's Lash, Heavenly Storm


You were on level 11 of the Dungeon.
You worshipped Wu Jian.
Wu Jian was extremely pleased with you.
You visited 2 branches of the dungeon, and saw 12 of its levels.
You also visited: Ossuary.

You collected 563 gold pieces.
You spent 112 gold pieces at shops.

Inventory:

Missiles
 d - 96 stones
 e - 12 poisoned darts
 m - 15 boomerangs (quivered)
 J - 2 throwing nets
 M - 10 curare-tipped darts
 Q - 5 boomerangs of dispersal
 T - 3 javelins
Armour
 a - a +0 robe
 b - a +0 kite shield (worn)
 r - a +1 hat (worn)
 s - a +0 cloak (worn)
 S - a +0 troll leather armour (worn)
Jewellery
 v - an amulet of regeneration (around neck)
 E - a ring of fire
Wands
 C - a wand of roots (13)
 O - a wand of mindburst (8)
 P - a wand of quicksilver (4)
 V - a wand of polymorph (5)
 W - a wand of paralysis (1)
Scrolls
 g - 4 scrolls of amnesia {unknown}
 h - 2 scrolls of teleportation {unknown}
 k - 4 scrolls of enchant armour {unknown}
 n - 3 scrolls of blinking {unknown}
 p - 3 scrolls of vulnerability {unknown}
 q - 3 scrolls of fear {unknown}
 u - 2 scrolls of summoning {unknown}
 y - 4 scrolls of poison {unknown}
 D - 2 scrolls of noise {unknown}
 F - 4 scrolls of immolation {unknown}
 H - a scroll of acquirement {unknown}
 I - a scroll of magic mapping
 N - 2 scrolls of butterflies {unknown}
 R - a scroll of silence {unknown}
 U - 2 scrolls of identify
Potions
 c - 2 potions of might
 f - a potion of resistance
 i - 3 potions of flight
 j - 2 potions of invisibility
 l - 5 potions of mutation
 o - 3 potions of curing
 t - 5 potions of heal wounds
 w - 3 potions of haste
 x - 2 potions of lignification
 z - 3 potions of magic
 A - 4 potions of brilliance
 B - a potion of cancellation
 G - a potion of degeneration
 K - 2 potions of attraction
 L - a potion of berserk rage


   Skills:
 + Level 7.8 Fighting
 + Level 5.1 Dodging
 + Level 8.6 Shields
 * Level 12.6 Unarmed Combat


You had 10 spell levels left.
You didn't know any spells.
Your spell library contained the following spells:

 Spells                   Type           Power      Damage    Failure   Level
 Slow                     Hex            0%         N/A       67%         1
 Summon Small Mammal      Summ           0%         N/A       67%         1
 Call Canine Familiar     Summ           0%         N/A       96%         3
 Confusing Touch          Hex            0%         N/A       96%         3
 Gell's Gravitas          Tloc           0%         N/A       96%         3
 Summon Guardian Golem    Hex/Summ       0%         N/A       96%         3
 Teleport Other           Tloc           0%         N/A       96%         3
 Vampiric Draining        Necr           0%         2d6       96%         3
 Olgreb's Toxic Radiance  Pois           0%         N/A       100%        4
 Dispersal                Tloc           0%         N/A       100%        6
 Ozocubu's Refrigeration  Ice            0%         4d7       100%        7
 Ignition                 Fire           0%         3d3       100%        8


Dungeon Overview and Level Annotations

Branches:
Dungeon (11/15)            Temple (1/1) D:4            Lair (0/5) D:11
    Orc (0/2) D:9         Ossuary (visited)

Altars:
Ashenzari
Cheibriados
Dithmenos
Elyvilon
Fedhas
Gozag
Hepliaklqana
Kikubaaqudgha
Makhleb
Nemelex Xobeh
Okawaru
Qazlal
Ru
Sif Muna
Trog
Uskayaw
Vehumet
Wu Jian
Xom
Yredelemnul
Zin
The Shining One

Shops:
D:7 (   D:10 *   D:11 (

Portals:
Abyss: D:4


Innate Abilities, Weirdness & Mutations

You are too large for most types of armour.
You have claws for hands.
Your natural rate of healing is unusually fast.
You are covered in fur. (AC +1)
You have tough skin. (AC +1)


Message History

You spin and attack the death yak.
You claw the death yak!
The death yak is heavily wounded.
The death yak gores you!! The death yak gores you!
You spin and attack the death yak.
You claw the death yak!
The death yak is lightly wounded.
You spin and attack the death yak.
You barely miss the death yak.
The death yak is heavily wounded.
You block the death yak's attack. The death yak misses you.
You spin and attack the death yak.
You scratch the death yak but do no damage.
The death yak is lightly wounded.
You spin and attack the death yak.
You scratch the death yak but do no damage.
The death yak is heavily wounded.
The death yak barely misses you.
You spin and attack the death yak.
You claw the death yak!
The death yak is moderately wounded.
You block the death yak's attack. The yak barely misses you.
Unknown command.
There are monsters nearby!
You spin and attack the death yak repeatedly.
You scratch the death yak but do no damage.
The death yak is lightly wounded.
You mangle the death yak!!
The death yak is heavily wounded.
You spin and attack the death yak repeatedly.
You barely miss the death yak.
The death yak is heavily wounded.
You claw the death yak!
The death yak is severely wounded.
The death yak gores you!!
The death yak gores you but does no damage.
You mangle the yak!!
The yak is heavily wounded.
The death yak gores you!!
* * * LOW HITPOINT WARNING * * *
The death yak gores you!
* * * LOW HITPOINT WARNING * * *
The yak gores you!
You die...

........#....................####
........#....................#...
........#....................#...
........#........)...........#...
.....^..#....................#...
........#....................#...
........#.......Y#############...
........#......YY#......#....#...
........#......Y@#......#........
........#........#......#........
#.......#..<.....#......#........
#......)#....."..#....###........
........#........#....#......#...
........#........#....#......#...
........#........#....#......#...
.......[#........#....#......#...
#.....).#........#....#......####


You could see 2 death yaks and 2 yaks.

Vanquished Creatures
  Erica (D:8)
  A death yak (D:10)
  A two-headed ogre (D:10)
  A wizard (D:11)
  An ugly thing (D:11)
  A kobold demonologist (D:11)
  4 trolls
  An ancient zyme (D:4)
  A hornet (D:9)
  3 vampires
  A wyvern (D:9)
  The ghost of CougarLife the Chopper, an amateur MiFi (D:4)
  8 yaks
  2 steam dragons
  2 ice beasts
  8 orc warriors
  2 black bears
  2 sky beasts (D:7)
  An ogre (D:6)
  6 centaurs
  A kobold brigand (D:8)
  A phantom (D:6)
  3 necrophages
  3 water moccasin zombies (Ossuary)
  2 bullfrogs
  3 scorpions
  8 wights (D:10)
  13 killer bees
  2 vampire bats (D:8)
  A howler monkey (D:9)
  A crimson imp (D:11)
  5 hounds
  9 orc priests
  2 gnoll boudas
  A jelly (D:8)
  4 iguanas
  Jessica (D:3)
  13 orc wizards
  A small abomination (D:4)
  3 mummies
  6 gnolls
  5 adders
  A shadow imp (D:5)
  A white imp (D:6)
  An ufetubus (D:4)
  5 adder zombies (Ossuary)
  4 worms
  3 dart slugs
  55 orcs
  9 bats
  2 bat skeletons (D:8)
  4 bat zombies (D:8)
  6 endoplasms
  9 gnoll zombies (Ossuary)
  7 hobgoblins
  4 jackals (D:3)
  10 kobolds
  5 quokkas
  7 ball pythons
  2 frilled lizards (D:1)
  5 goblins
  5 hobgoblin zombies
  3 kobold zombies (Ossuary)
  6 orc zombies
  3 rats
293 creatures vanquished.

Vanquished Creatures (others)
  A wizard (D:6)
  An orc wizard (D:6)
2 creatures vanquished.

Grand Total: 295 creatures vanquished

Notes
Turn   | Place    | Note
-------+----------+-------------------------------------------
     0 | D:1      | LustLizard the Troll Fighter began the quest for the Orb.
     0 | D:1      | Reached XP level 1. HP: 22/22 MP: 0/0
   236 | D:1      | Reached XP level 2. HP: 29/29 MP: 1/1
   885 | D:2      | Reached skill level 3 in Unarmed Combat
   885 | D:2      | Reached XP level 3. HP: 36/36 MP: 2/2
   917 | D:2      | Identified the +4 pair of boots of Agoraphobia {Fly rCorr
                  | Slay-2}
  1494 | D:3      | Reached XP level 4. HP: 37/44 MP: 3/3
  1655 | D:3      | Found a stormy altar of Qazlal.
  1657 | D:3      | Found a snail-covered altar of Cheibriados.
  1777 | D:3      | Noticed Jessica
  1785 | D:3      | Killed Jessica
  1910 | D:3      | Reached skill level 4 in Unarmed Combat
  1910 | D:3      | Reached XP level 5. HP: 53/53 MP: 4/4
  2143 | D:4      | Found a staircase to the Ecumenical Temple.
  2156 | Temple   | Entered the Ecumenical Temple
  2163 | Temple   | Became a worshipper of the Wu Jian Council
  2238 | D:4      | Found a sand-covered staircase.
  2248 | Ossuary  | Entered an ossuary
  2322 | Ossuary  | Reached * piety under Wu Jian
  2386 | Ossuary  | Reached XP level 6. HP: 50/61 MP: 5/5
  2394 | Ossuary  | Reached skill level 5 in Unarmed Combat
  2501 | D:4      | Found a transporter.
  2542 | D:4      | Found a one-way gate to the infinite horrors of the Abyss.
  2542 | D:4      | Noticed CougarLife's ghost (amateur MiFi)
  2652 | D:4      | Found a transporter.
  2731 | D:4      | Noticed an ancient zyme
  3036 | D:5      | Entered Level 5 of the Dungeon
  3049 | D:4      | Reached XP level 7. HP: 61/68 MP: 6/6
  3069 | D:4      | Reached ** piety under Wu Jian
  3138 | D:5      | Reached skill level 6 in Unarmed Combat
  3397 | D:5      | Identified the +1 leather armour "Serulile" {*Slow rPois
                  | Will+ Stlth+}
  3594 | D:5      | Reached skill level 5 in Shields
  3594 | D:5      | Reached XP level 8. HP: 61/79 MP: 7/7
  3606 | D:5      | Found a stormy altar of Qazlal.
  3672 | D:5      | Reached skill level 7 in Unarmed Combat
  3718 | D:5      | Found a broken altar of Ashenzari.
  4290 | D:6      | Reached skill level 5 in Fighting
  4544 | D:6      | Reached skill level 8 in Unarmed Combat
  4740 | D:6      | Found a bloodstained altar of Trog.
  4741 | D:6      | Noticed a wizard
  4747 | D:6      | Killed a wizard
  4948 | D:7      | Found Kantiseu's Antique Weapon Boutique.
  4963 | D:7      | Found a blossoming altar of Fedhas.
  5015 | D:7      | Reached *** piety under Wu Jian
  5016 | D:7      | Reached XP level 9. HP: 58/88 MP: 8/8
  5075 | D:7      | Reached skill level 9 in Unarmed Combat
  5166 | D:7      | Found a sparkling altar of Nemelex Xobeh.
  5762 | D:8      | Found a hazy altar of Hepliaklqana.
  5799 | D:8      | Reached **** piety under Wu Jian
  5825 | D:8      | Found an ancient bone altar of Kikubaaqudgha.
  5918 | D:8      | Found a basalt altar of Yredelemnul.
  5993 | D:8      | Reached skill level 10 in Unarmed Combat
  6167 | D:8      | Noticed Erica
  6183 | D:8      | Killed Erica
  6184 | D:8      | Reached XP level 10. HP: 56/100 MP: 9/9
  6209 | D:8      | Found a shadowy altar of Dithmenos.
  6508 | D:4      | Killed CougarLife's ghost
  7115 | D:10     | Entered Level 10 of the Dungeon
  7129 | D:10     | Reached skill level 11 in Unarmed Combat
  7185 | D:10     | Noticed a two-headed ogre
  7197 | D:10     | Killed a two-headed ogre
  7384 | D:10     | Found Cimot's General Store.
  7475 | D:10     | Bought a scroll of identify for 28 gold pieces
  7475 | D:10     | Bought 2 scrolls of identify for 56 gold pieces
  7475 | D:10     | Bought a scroll of identify for 28 gold pieces
  7958 | D:9      | Reached ***** piety under Wu Jian
  7976 | D:9      | Found a staircase to the Orcish Mines.
  8086 | D:9      | Reached XP level 11. HP: 109/109 MP: 10/10
  8696 | D:11     | Noticed a death yak
  8698 | D:11     | Noticed a death yak
  8699 | D:11     | Noticed a death yak
  8714 | D:11     | Reached skill level 12 in Unarmed Combat
  8879 | D:11     | Found a staircase to the Lair.
  8890 | D:11     | Noticed a wizard
  8897 | D:11     | Killed a wizard
  8955 | D:11     | Found Ynugoyss's Antique Weapon Boutique.
  9088 | D:11     | Noticed a green ugly thing
  9101 | D:11     | Killed a green ugly thing
  9281 | D:10     | Reached skill level 5 in Dodging
  9350 | D:10     | Killed a death yak
  9399 | D:11     | HP: 2/111 [death yak (15)]
  9399 | D:11     | Mangled by a yak

Illustrated notes

Levels and vault maps discovered:
D:1:      dpeg_arrival_rhombi, layout_basic
D:2:      layout_basic, minmay_heptomino_l4
D:3:      layout_basic, minitemple, uniq_jessica
D:4:      layout_loops_ring, minmay_temple_entry_antechambers,
          gammafunk_ghost_abyssal_escape, nicolae_ossuary_entry_giza
D:5:      layout_cave_pools, nicolae_ashenzari_panopticon, minmay_ruined_shrine
D:6:      layout_basic, trog_wizard
D:7:      layout_loops_ring, fedhas_altar_1, lemuel_coloured_pillars_altar,
          serial_shops, nicolae_shop_behind_doors
D:8:      layout_gridville, grunt_dithmenos_smoke, kennysheep_vampire_church,
          old_standard_altar, mainiacjoe_overflow_boulevard, uniq_erica
D:9:      layout_irregular_city, david_orc_4, corexii_checkpoint_a,
          nicolae_titane
D:10:     layout_small_grid, serial_glass, glass_columns_a, glass_columns_c,
          serial_shops, kennysheep_mini
D:11:     layout_grid_maze, dpeg_lair_monsters, serial_shops, shop,
          lightli_wizard_tower
Temple:   nicolae_temple_no_exploring_needed

Skill      XL: |  1  2  3  4  5  6  7  8  9 10 11 |
---------------+----------------------------------+-----
Shields        | 3 4 5 6 7 8 |  8.6
Unarmed Combat | 3 4 5 6 8 10 11 12 | 12.6
Fighting       | 3 4 5 6 7 |  7.8
Dodging        | 4 5 |  5.1

Action                   |  1- 3 |  4- 6 |  7- 9 | 10-12 || total
-------------------------+-------+-------+-------+-------++-------
Melee: Unarmed           |   110 |   197 |   376 |   340 ||  1023
Throw: Dart              |       |       |     4 |     5 ||     9
       Boomerang         |       |       |       |     4 ||     4
Invok: Lunge             |       |    12 |    33 |    23 ||    68
       Whirlwind         |       |       |    18 |    51 ||    69
  Use: Scroll            |       |     6 |     4 |     5 ||    15
       Potion            |       |       |       |     3 ||     3
 Stab: Sleeping          |     1 |     2 |       |       ||     3
Armor: Robe              |    33 |    69 |   114 |    65 ||   281
       Troll leather arm |       |       |       |    19 ||    19
Dodge: Dodged            |    27 |    51 |   112 |   120 ||   310
Block: Kite shield       |    31 |    52 |   128 |   139 ||   350
